 Dungeon Crawl Stone Soup version bcrawl-1.39.1 (webtiles) character file.

Game seed: 18348772973581432631

354742 lastchild the Thrower (level 11, -3/86 (87) HPs)
             Began as a Human Hunter on Sept 25, 2023.
             Was a Believer of Ashenzari.
             Slain by a death drake (shapeshifter) (8 damage)
             ... on level 8 of the Dungeon on Sept 26, 2023.
             The game lasted 00:37:09 (8991 turns).

lastchild the Thrower (Human Hunter)                Turns: 8991, Time: 00:37:10

HP:   -3/86 (87)    AC: 12    Str: 19    XL:     11   Next: 44%
MP:   20/20         EV: 20    Int: 11    God:    Ashenzari [**....]
Gold: 633           SH:  0    Dex: 16    Spells: 10/10 levels left

rFire    . . .     GDR:     33% p - +2 dagger (chaos)
rCold    . . .     SeeInvis +   (no shield)
rNeg     . . .     Gourm    .   r - +3 leather armour (curse)
rPois    .         Faith    .   (no helmet)
rElec    .         Spirit   .   D - +0 cloak (curse)
rCorr    .         Reflect  .   k - +0 pair of gloves (curse)
MR       .....                  b - +2 pair of boots (curse)
Stlth    +.........             a - amulet of Vision {SInv *Curse} (curse)
HPRegen  0.24/turn              s - ring of magical power (curse)
MPRegen  0.17/turn              (no ring)

@: confused, mighty, lethally poisoned (-3 -> -11), scrying, slowed, very slow
A: no striking features
a: Curse Item, Scrying, Renounce Religion


You were on level 8 of the Dungeon.
You worshipped Ashenzari.
Ashenzari was pleased with you.
You were near starving.

You visited 2 branches of the dungeon, and saw 9 of its levels.

You collected 633 gold pieces.

Inventory:

Hand Weapons
 l - a +0 falchion
 o - a +1 dagger of electrocution
 p - a +2 dagger of chaos (weapon)
 w - a +0 hand crossbow
 x - a +1 rapier of draining
Missiles
 c - 28 javelins (quivered)
 d - a throwing net {=f}
 g - 51 poisoned tomahawks
 y - 525 bolts
Armour
 b - a cursed +2 pair of boots (worn)
 k - a cursed +0 pair of gloves (worn)
 r - a cursed +3 leather armour (worn)
 A - a +0 troll leather armour
 B - a +0 buckler
 D - a cursed +0 cloak (worn)
Jewellery
 a - the cursed amulet of Vision (around neck) {SInv *Curse}
   (You found it in the Ecumenical Temple)

   [amulet of nothing]

   It lets you see invisible.
   It curses itself when equipped.
   It has a curse placed upon it.
 s - a cursed ring of magical power (left hand)
 F - an uncursed amulet of regeneration
Scrolls
 i - 3 scrolls of identify
 j - a scroll of amnesia
 m - 5 scrolls of remove curse
 n - 2 scrolls of fog
 z - 2 scrolls of enchant weapon
 C - 3 scrolls of teleportation
 E - a scroll of revelation
Potions
 q - 2 potions of flight
 u - a potion of ambrosia
Comestibles
 e - 14 rations {!d}
 t - 4 chunks of flesh


   Skills:
 + Level 8.6(11.6) Fighting
 + Level 9.0(11.8) Long Blades
 + Level 10.1(12.8) Throwing
 - Level 3.7(6.3) Armour
 + Level 9.4(12.2) Dodging
 - Level 1.2(3.0) Stealth


You had 10 spell levels left.
You didn't know any spells.
Your spell library contained the following spells:

 Spells                   Type           Power        Failure   Level  Hunger
 Beastly Appendage        Tmut           #.....       38%         1    None
 Ensorcelled Hibernation  Hex/Ice        #.....       52%         2    ####...
 Passwall                 Tmut/Erth      #.......     52%         2    ####...
 Sticks to Snakes         Tmut           #.......     52%         2    ####...
 Spider Form              Tmut/Pois      #..          77%         3    #####..
 Ice Form                 Ice/Tmut       #.......     99%         4    ######.
 Blade Hands              Tmut           #.........   100%        5    #######
 Borgnjor's Vile Clutch   Necr/Erth      #.........   100%        6    #######
 Darkness                 Hex            #.........   100%        6    #######
 Infestation              Hex/Tmut/Pois  #........    100%        6    #######
 Shadow Creatures         Summ           N/A          100%        7    #######
 Time Stop                Chrm/Tloc      N/A          100%        8    #######


Dungeon Overview and Level Annotations

Branches:
Dungeon (8/12)             Temple (1/1) D:4            Lair (0/6) D:8
    Orc: D:8-11

Altars:
Ashenzari
Cheibriados
Dithmenos
Elyvilon
Fedhas
Gozag
Hepliaklqana
Kikubaaqudgha
Lugonu
Makhleb
Qazlal
Ru
Sif Muna
Uskayaw
Wu Jian
Yredelemnul
Zin
The Shining One

Annotations:
D:8 1 runed translucent door, Cris's ghost, novice FrAE


Message History

You feel as though you will be slow longer.
* * * LOW HITPOINT WARNING * * *
x2 You feel very sick.
The death drake closely misses you. The death drake bites you!
* * * LOW HITPOINT WARNING * * *
Okay, then.
Wield which item (- for none, * to show all)? (? for menu, Esc to quit)
Okay, then.
You feel better.
You are engulfed in dark miasma.
You are poisoned.
You feel your flesh rotting away!
* * * LOW HITPOINT WARNING * * *
x2 You feel very sick.
The death drake bites you.
* * * LOW HITPOINT WARNING * * *
The death drake closely misses you.
You are confused.
You feel invigorated.
* * * LOW HITPOINT WARNING * * *
You feel sick. The death drake bites you!
You die...

##......#.............#..........
.#...#..#...#####.....#.#...#.>..
............#§§§#................
...#........#§§§#.......#....#...
...#........#§yW#................
.......##...##+##.......#..##....
.......####.......#.....#........
.......##.........##....#.......#
.......##.###.>[@.....###.....###
..........##...#k.......##...##..
......###......##<.......#..###..
..[..###.<....##.....#.....#####.
.....##.....##.......#.......#...
........###............##........
........###.###........###.......
.##...####..#:##.....#...##.#....
#......# #..##{##..[##....#.##..#


You could see a death drake, a hornet and Cris's ghost.

Vanquished Creatures
  Psyche (D:8)
  3 death yaks (D:7)
  A wolf spider zombie (D:8)
  A troll (D:8)
  A hippogriff (D:7)
  Sigmund (D:6)
  A wyvern (D:6)
  Eustachio (D:6)
  A yak (D:8)
  A hungry ghost (D:7)
  An orc warrior (D:7)
  2 porcupines (D:8)
  5 ice beasts
  2 sky beasts (D:6)
  6 ogres
  A necrophage (D:6)
  5 bullfrogs
  A kobold brigand (D:6)
  2 wyvern zombies
  3 centaurs
  4 scorpions
  5 orc priests
  2 crimson imps
  A jelly (D:7)
  A quasit (D:7)
  7 orc wizards
  A hound (D:5)
  3 bullfrog skeletons
  2 hell rats (D:8)
  3 iguanas
  12 worker ants
  A hound zombie (D:5)
  A howler monkey skeleton (D:4)
  8 adders
  7 gnolls
  A river rat (D:8)
  An ooze (D:3)
  3 adder zombies
  3 adder skeletons
  2 dart slugs
  2 leopard geckos
  11 orcs
  4 giant cockroaches
  3 goblins
  8 hobgoblins
  8 jackals
  6 quokkas
  5 bats
  5 frilled lizards
  A jackal zombie (D:5)
  10 kobolds
  8 rats
  A spectral goblin (D:6)
180 creatures vanquished.

Vanquished Creatures (others)
  A human (D:6)
1 creature vanquished.

Grand Total: 181 creatures vanquished

Notes
Turn   | Place    | Note
-------+----------+-------------------------------------------
     0 | D:1      | lastchild the Human Hunter began the quest for the Orb.
     0 | D:1      | Reached XP level 1. HP: 16/16 MP: 1/1
   164 | D:1      | Reached XP level 2. HP: 22/22 MP: 2/2
   564 | D:2      | Reached skill level 1 in Armour
   642 | D:2      | Reached XP level 3. HP: 28/28 MP: 3/3
  1435 | D:3      | Reached XP level 4. HP: 8/34 MP: 4/4
  1479 | D:3      | Reached skill level 1 in Long Blades
  1991 | D:3      | Reached XP level 5. HP: 37/40 MP: 5/5
  2015 | D:3      | Reached skill level 5 in Throwing
  2301 | D:4      | Reached XP level 6. HP: 43/47 MP: 6/6
  2325 | D:4      | Found a staircase to the Ecumenical Temple.
  2335 | Temple   | Entered the Ecumenical Temple
  2509 | Temple   | Became a worshipper of Ashenzari the Shackled
  2510 | Temple   | Found the cursed amulet of Vision {SInv *Curse}
  2901 | D:4      | Reached XP level 7. HP: 52/52 MP: 7/7
  3164 | D:5      | Entered Level 5 of the Dungeon
  3452 | D:5      | Found a hazy altar of Hepliaklqana.
  3684 | D:5      | Reached * piety under Ashenzari
  3692 | D:5      | Reached skill level 6 in Throwing
  3692 | D:5      | Reached XP level 8. HP: 60/60 MP: 8/8
  4011 | D:5      | Reached skill level 5 in Dodging
  4589 | D:6      | Noticed a wyvern
  4593 | D:6      | Killed a wyvern
  4613 | D:6      | Reached skill level 5 in Fighting
  4863 | D:6      | Reached skill level 7 in Throwing
  4863 | D:6      | Reached XP level 9. HP: 68/68 MP: 9/9
  4876 | D:6      | Noticed Sigmund
  4905 | D:6      | Killed Sigmund
  4906 | D:6      | Reached skill level 5 in Long Blades
  5024 | D:6      | Found a hide-covered altar of Uskayaw.
  5121 | D:6      | Found an ancient bone altar of Kikubaaqudgha.
  5291 | D:6      | Noticed Eustachio
  5302 | D:6      | Killed Eustachio
  5540 | D:6      | Found a hazy altar of Hepliaklqana.
  5708 | D:6      | Found a sacrificial altar of Ru.
  5820 | D:7      | Reached ** piety under Ashenzari
  5829 | D:7      | Noticed a hippogriff
  5834 | D:7      | Killed a hippogriff
  5844 | D:7      | Reached skill level 8 in Throwing
  6168 | D:7      | Reached XP level 10. HP: 77/77 MP: 10/10
  6667 | D:7      | Found a blossoming altar of Fedhas.
  6667 | D:7      | Found a glowing silver altar of Zin.
  6675 | D:7      | Found a corrupted altar of Lugonu.
  6677 | D:7      | Found a basalt altar of Yredelemnul.
  6680 | D:7      | Found a snail-covered altar of Cheibriados.
  7304 | D:8      | Noticed Psyche
  7409 | D:8      | Killed Psyche
  7410 | D:8      | Reached skill level 9 in Throwing
  7680 | D:8      | Reached *** piety under Ashenzari
  7703 | D:8      | Found a runed translucent door.
  7848 | D:8      | Noticed a death yak
  7951 | D:8      | Reached XP level 11. HP: 69/86 MP: 11/11
  7954 | D:8      | Noticed Cris's ghost (novice FrAE)
  8048 | D:8      | Noticed a death yak
  8063 | D:7      | Killed a death yak
  8067 | D:8      | Noticed a death yak
  8099 | D:7      | Killed a death yak
  8100 | D:7      | Reached skill level 10 in Throwing
  8650 | D:7      | Killed a death yak
  8905 | D:8      | Found a staircase to the Lair.
  8975 | D:8      | Noticed a death drake
  8989 | D:8      | HP: 3/87 [death drake (shapeshifter) (11)]
  8990 | D:8      | HP: 1/86 [death drake (shapeshifter) (5)]
  8991 | D:8      | Slain by a death drake (shapeshifter)

Skill      XL: |  1  2  3  4  5  6  7  8  9 10 11 |
---------------+----------------------------------+-----
Armour         | 1 2 3 |  3.7
Long Blades    | 1 2 3 4 6 8 9 |  9.0
Dodging        | 3 4 5 7 8 9 |  9.4
Throwing       | 5 6 7 8 9 10 | 10.1
Fighting       | 3 4 5 6 7 8 |  8.6
Stealth        | |  1.2

Action                   |  1- 3 |  4- 6 |  7- 9 | 10-12 || total
-------------------------+-------+-------+-------+-------++-------
Melee: Short sword       |   115 |    44 |       |       ||   159
       Dagger            |       |    78 |   195 |   276 ||   549
Throw: Javelin           |    13 |    30 |    53 |    56 ||   152
       Tomahawk          |       |     4 |    34 |     3 ||    41
       Throwing net      |       |       |       |     1 ||     1
Invok: Curse Item        |       |       |     4 |       ||     4
       Scrying           |       |       |       |     1 ||     1
  Use: Scroll            |     2 |     2 |     7 |     1 ||    12
       Potion            |       |     2 |     1 |     6 ||     9
 Stab: Sleeping          |     3 |     1 |     2 |     1 ||     7
       Held in net/web   |       |       |       |     3 ||     3
  Eat: Chunk             |     5 |     9 |    17 |    10 ||    41
       Ration            |       |       |       |     1 ||     1
Armor: Leather armour    |    29 |    39 |    50 |    80 ||   198
Dodge: Dodged            |    90 |    98 |   127 |   221 ||   536
